 Dungeon Crawl Stone Soup version 0.27-a0-1431-gcffa5a9b16 (console) character file.

Game seed: 4277752590264937725

5663 jejorda2 the Impaler (level 10, -22/76 HPs)
             Began as a Merfolk Berserker on July 2, 2021.
             Was a Priest of Trog.
             Annihilated by an orc knight (38 damage)
             ... in a bailey.
             The game lasted 00:16:38 (8292 turns).

jejorda2 the Impaler (Merfolk Berserker)            Turns: 8292, Time: 00:16:39

Health: -22/76     AC: 16    Str: 21    XL:     10   Next: 75%
Magic:  0/10       EV:  9    Int: 11    God:    Trog [***...]
Gold:   1446       SH:  0    Dex: 17    Spells: 9/9 levels left

rFire    . . .     SeeInvis .   a - +0 halberd
rCold    . . .     Faith    .   (shield currently unavailable)
rNeg     . . .     Spirit   +   e - +1 chain mail "Nukhabez" {rPois Int+4 Dex+4}
rPois    +         Reflect  .   (no helmet)
rElec    .         Harm     .   (no cloak)
rCorr    .         Rampage  .   F - +0 pair of gloves
Will     ++...                  (no boots)
Stlth    ..........             z - amulet of guardian spirit
HPRegen  1.22/turn              n - +4 ring of protection
MPRegen  0.12/turn              j - +4 ring of slaying

@: strong-willed, on berserk cooldown, regenerating, slowed, very slow
A: (nimble swimmer 2), mertail
a: Renounce Religion, Berserk, Trog's Hand


You were in a bailey.
You worshipped Trog.
Trog was most pleased with you.
You visited 1 branch of the dungeon, and saw 8 of its levels.
You also visited: Bailey.

You collected 1446 gold pieces.

Inventory:

Hand Weapons
 a - a +0 halberd (weapon)
 b - a +1 trident of flaming
 c - a +4 glaive of protection
Missiles
 i - 3 silver javelins
 p - 6 poisoned darts (quivered)
 D - 6 javelins
Armour
 e - the +1 chain mail "Nukhabez" (worn) {rPois Int+4 Dex+4}
   (You found it on level 7 of the Dungeon)

   Int:       It affects your intelligence (+4).
   Dex:       It affects your dexterity (+4).
   rPois:     It protects you from poison.
 A - a +0 plate armour
 F - a +0 pair of gloves (worn)
Jewellery
 j - a +4 ring of slaying (right hand)
 n - a +4 ring of protection (left hand)
 y - a ring of resist corrosion
 z - an amulet of guardian spirit (around neck)
 E - a ring of poison resistance
Wands
 k - a wand of mindburst (16)
 t - a wand of paralysis (11)
 v - a wand of flame (20)
 x - a wand of acid (10)
 B - a wand of polymorph (10)
Scrolls
 d - a scroll of teleportation
 g - a scroll of fog
 o - a scroll of fear
Potions
 f - a potion of cancellation {unknown}
 h - 5 potions of ambrosia
 m - 3 potions of haste
 q - a potion of flight {unknown}
 r - 2 potions of heal wounds {unknown}
 s - 7 potions of curing
 u - 3 potions of might {unknown}
 w - a potion of lignification
 C - a potion of attraction {unknown}
 G - a potion of resistance {unknown}


   Skills:
 - Level 6.0 Fighting
 * Level 17.4 Polearms
 - Level 6.0 Armour
 - Level 2.6 Dodging


You had 9 spell levels left.
You didn't know any spells.
Your spell library was empty.

Dungeon Overview and Level Annotations

Branches:
Dungeon (8/15)             Temple (0/1) D:6          Bailey (1/1)
   Lair: D:8-11

Altars:
Okawaru
Ru
Uskayaw
Vehumet

Annotations:
D:4 2 runed translucent doors, pigah's ghost, amateur OpWn


Innate Abilities, Weirdness & Mutations

((You are quick and stealthy near water. (Stealth+, EV+, Speed+++)))
Your lower body shifts to a powerful aquatic tail in water.


Message History

Your black bear closely misses the orc knight.
The orc knight barely misses you.
You reach to attack!
You slash the orc knight!
The orc knight is almost dead.
Your black bear bites the orc knight.
The orc knight dies!
Trog accepts your kill.
You reach to attack!
You puncture the orc knight!
The orc knight is moderately wounded.
Your black bear barely misses the orc knight.
Your black bear claws the orc knight but does no damage.
Your black bear closely misses the orc knight.
The orc knight hits you from afar with a +0 glaive!!
Your black bear barely misses the orc knight.
Your black bear claws the orc knight but does no damage.
Your black bear barely misses the orc knight.
You reach to attack!
You hit the orc knight.
The orc knight is moderately wounded.
Your black bear bites the orc knight.
Your black bear closely misses the orc knight.
Your black bear claws the orc knight.
The orc knight closely misses you.
You reach to attack!
You hit the orc knight.
The orc knight is heavily wounded.
Your black bear bites the orc knight.
Your black bear claws the orc knight.
Your black bear claws the orc knight but does no damage.
The orc knight hits your black bear with a +0 glaive!!
Your black bear dies!
Your black bear's corpse disappears in a puff of smoke!
The orc knight hits you from afar with a +0 glaive!!!
* * * LOW HITPOINT WARNING * * *
You are too injured to fight recklessly!
Unknown command.
Throw: throwing net
Press: ? - help, Shift-Dir - straight line, f/p - orc knight
Aim: an orc knight, wielding a +0 glaive and wearing a +0 plate armour (heavily wounded, strong, 67% to hit)
You throw a throwing net.
The throwing net barely misses the orc knight.
The orc knight hits you from afar with a +0 glaive!!!
Ouch! That really hurt!
You die...

#..))...#
#.......#
#.......#
#.......#
#.......#
##.....##
#'''''#
##..)..##
#..)@...#
#.......#
#...o...#
#.......#
#.......#
#.......#
#..?.?..#
#...??..#


You could see an orc knight (strong).

Vanquished Creatures
  2 orc knights (Bailey)
  A manticore (D:7)
  A centaur zombie (D:7)
  Sigmund (D:3)
  A steam dragon (D:8)
  A water moccasin (D:6)
  Purgy (D:3)
  An ice beast (D:5)
  7 orc warriors
  2 sky beasts
  3 ogres
  2 necrophages
  A centaur (D:7)
  2 jellies
  4 scorpions
  2 water moccasin skeletons
  5 wights (D:3)
  8 killer bees (D:7)
  3 hounds
  A bullfrog skeleton (D:6)
  2 orc priests
  Jessica (D:3)
  2 iguanas (D:4)
  Natasha (thrice) (D:3)
  9 orc wizards (D:7)
  7 gnolls
  4 adders
  3 white imps
  2 worms
  A dart slug (D:2)
  36 orcs
  5 ball pythons
  A bat skeleton (D:2)
  A bat zombie (D:2)
  6 endoplasms
  2 giant cockroaches
  7 goblins
  2 hobgoblins
  4 jackals (D:1)
  2 quokkas
  A ball python zombie (D:2)
  6 kobolds
  A quokka zombie (D:2)
  3 rats
160 creatures vanquished.

Vanquished Creatures (collateral kills)
  An orc knight (Bailey)
  An orc warrior (Bailey)
  5 orcs (Bailey)
7 creatures vanquished.

Grand Total: 167 creatures vanquished

Notes
Turn   | Place    | Note
-------+----------+-------------------------------------------
     0 | D:1      | jejorda2 the Merfolk Berserker began the quest for the Orb.
     0 | D:1      | Reached XP level 1. HP: 18/18 MP: 1/1
   147 | D:1      | Reached XP level 2. HP: 22/24 MP: 2/2
   205 | D:1      | Reached skill level 5 in Polearms
   656 | D:2      | Reached XP level 3. HP: 21/29 MP: 3/3
   804 | D:2      | Reached ** piety under Trog
  1537 | D:3      | Noticed Sigmund
  1543 | D:3      | Killed Sigmund
  1544 | D:3      | Reached skill level 7 in Polearms
  1544 | D:3      | Reached XP level 4. HP: 38/38 MP: 4/4
  1544 | D:3      | Reached XP level 5. HP: 43/43 MP: 5/5
  1637 | D:3      | Reached XP level 6. HP: 47/49 MP: 6/6
  1872 | D:3      | Found a sacrificial altar of Ru.
  1922 | D:3      | Reached skill level 8 in Polearms
  2156 | D:3      | Noticed Jessica
  2160 | D:3      | Killed Jessica
  2161 | D:3      | Reached skill level 5 in Fighting
  2266 | D:3      | Found a hide-covered altar of Uskayaw.
  2308 | D:3      | Noticed Natasha
  2312 | D:3      | Noticed Purgy
  2331 | D:3      | Killed Natasha
  2332 | D:3      | Reached XP level 7. HP: 33/56 MP: 7/7
  2335 | D:3      | Killed Purgy
  2533 | D:3      | Reached skill level 9 in Polearms
  2804 | D:3      | Noticed Natasha
  2809 | D:3      | Killed Natasha
  2855 | D:3      | Noticed Natasha
  2862 | D:3      | Killed Natasha
  2912 | D:3      | Found a faded altar of an unknown god.
  3270 | D:4      | Reached XP level 8. HP: 60/64 MP: 8/8
  3384 | D:4      | Found a large runed translucent door.
  3386 | D:4      | Found a large runed translucent door.
  3387 | D:4      | Noticed pigah's ghost (amateur OpWn)
  3594 | D:4      | Reached skill level 10 in Polearms
  4500 | D:5      | Entered Level 5 of the Dungeon
  4772 | D:5      | Reached skill level 11 in Polearms
  5534 | D:5      | Found an iron altar of Okawaru.
  5602 | D:6      | Identified a scroll of acquirement
  5602 | D:6      | Acquired a +4 glaive of protection
  5746 | D:6      | Reached skill level 12 in Polearms
  5748 | D:6      | Reached XP level 9. HP: 50/69 MP: 9/9
  6405 | D:6      | Found a staircase to the Ecumenical Temple.
  6588 | D:7      | Reached skill level 13 in Polearms
  6591 | D:7      | Reached skill level 5 in Armour
  6677 | D:7      | Found a radiant altar of Vehumet.
  6830 | D:7      | Reached *** piety under Trog
  6831 | D:7      | Reached skill level 14 in Polearms
  7033 | D:7      | Noticed a manticore
  7035 | D:7      | Identified the +1 chain mail "Nukhabez" {rPois Int+4 Dex+4}
  7041 | D:7      | Killed a manticore
  7042 | D:7      | Reached XP level 10. HP: 76/76 MP: 7/10
  7174 | D:7      | Reached skill level 15 in Polearms
  7781 | D:8      | Found a flagged portal.
  7788 | Bailey   | Entered a bailey
  7905 | Bailey   | Reached **** piety under Trog
  7914 | Bailey   | Reached skill level 16 in Polearms
  8021 | Bailey   | Acquired 1075 gold pieces
  8025 | Bailey   | Noticed an orc knight
  8052 | Bailey   | Killed an orc knight
  8271 | Bailey   | Noticed an orc knight
  8279 | Bailey   | Noticed an orc knight
  8280 | Bailey   | Killed an orc knight
  8281 | Bailey   | Reached skill level 17 in Polearms
  8282 | Bailey   | Noticed an orc knight
  8288 | Bailey   | Killed an orc knight
  8292 | Bailey   | Annihilated by an orc knight

Illustrated notes

Levels and vault maps discovered:
D:1:      sevenhm_arrival_forest_fort_large_2, layout_basic,
          corexii_item_surrounded_by_moat, chequers_serial_rivers_micro_e,
          chequers_serial_rivers_micro_a
D:2:      layout_basic, serial_undead, serial_undead_b, serial_undead_c,
          serial_undead_e, serial_undead_b, hangedman_feature_mirror
D:3:      layout_basic, lemuel_doored_altar, nicolae_ru_sacrificial_ziggurat,
          shapermc_ecumenical_altar_starsandcircs, uniq_jessica, uniq_natasha,
          uniq_sigmund, uniq_purgy
D:4:      layout_layer_cave, ebering_ghost_disaster_area, glass_columns_a
D:5:      layout_basic, okawaru_altar_gauntlet_db
D:6:      layout_basic, minmay_temple_entry_glassed_door
D:7:      minmay_flawed_box, layout_loops_cross, lemuel_coloured_pillars_altar,
          grunt_decor_one_mirror
D:8:      layout_basic, nicolae_overflow_crystal_walls, tgw_fedhas,
          enter_bailey_2
Bailey:   bailey_polearm_5, bailey

Skill      XL: |  1  2  3  4  5  6  7  8  9 10 |
---------------+-------------------------------+-----
Polearms       | 5 7 8 9 12 14 17 | 17.4
Fighting       | 4 5 6 |  6.0
Armour         | 2 3 4 5 6 |  6.0
Dodging        | |  2.6

Action                   |  1- 3 |  4- 6 |  7- 9 | 10-12 || total
-------------------------+-------+-------+-------+-------++-------
Melee: Spear             |    96 |    58 |    46 |       ||   200
       Trident           |       |       |   225 |    26 ||   251
       Halberd           |       |       |       |    91 ||    91
Throw: Dart              |       |       |       |     4 ||     4
       Throwing net      |       |       |       |     1 ||     1
Invok: Berserk           |     1 |     2 |     5 |     3 ||    11
       Trog's Hand       |     1 |     2 |     1 |     2 ||     6
       Brothers in Arms  |       |       |       |     2 ||     2
Evoke: Wand              |       |       |     4 |       ||     4
  Use: Scroll            |       |       |    14 |     1 ||    15
       Potion            |       |       |       |     1 ||     1
Armor: Ring mail         |    17 |     9 |    45 |       ||    71
       Animal skin       |     1 |       |       |       ||     1
       Plate armour      |       |       |     4 |       ||     4
       Chain mail        |       |       |       |    35 ||    35
Dodge: Dodged            |    27 |    14 |    83 |    44 ||   168

Table legend: (Time is in decaauts)
 A = Elapsed time spent in this place.
 B = Non-inter-level travel time spent in this place.
 C = Inter-level travel time spent in this place.
 D = Time resting spent in this place.
 E = Time spent auto-exploring this place.
 F = Levels seen in this place.
 G = Mean time per level.
                   A        B        C        D        E       F      G
               +--------+--------+--------+--------+--------+-----+--------+
         Total |   8229 |   7976 |    253 |    980 |   5880 |   9 |  914.3 |
       Dungeon |   7752 |   7499 |    253 |    712 |   5816 |   8 |  969.0 |
        Bailey |    476 |    476 |      0 |    268 |     64 |   1 |  476.0 |
               +--------+--------+--------+--------+--------+-----+--------+

Top non-repeatable levels by time:
     D:3: 1611 daAuts
     D:4: 1431 daAuts
     D:5: 1150 daAuts
     D:7: 1011 daAuts
     D:6: 943 daAuts
     D:2: 821 daAuts
     D:1: 640 daAuts
  Bailey: 476 daAuts
     D:8: 143 daAuts
